[ AOE2 MATCH · #508054817 ]
UnrankedEthiopians vs Magyars
[ REPLAY ANALYSIS · EXTRACTED FROM THE RECORDED GAME ]
Feudal
10:34
Castle
—
Imperial
—
| APM avg | 40.2 |
| APM peak | 99 |
| eAPM avg | 13.9 |
| Villagers / military | 37 / 19 |
Focus
⚔️ 36.3% · 🌾 63.7%
Archer ×18 · Skirmisher ×1
Feudal
9:23
Castle
21:58
Imperial
—
| APM avg | 47.0 |
| APM peak | 108 |
| eAPM avg | 18.3 |
| Villagers / military | 44 / 21 |
Focus
⚔️ 19.9% · 🌾 80.1%
Scout Cavalry ×14 · Knight ×7
Feudal
10:26
Castle
—
Imperial
—
| APM avg | 40.6 |
| APM peak | 89 |
| eAPM avg | 12.7 |
| Villagers / military | 45 / 15 |
Focus
⚔️ 35.9% · 🌾 64.1%
Scout Cavalry ×15
Feudal
9:03
Castle
—
Imperial
—
| APM avg | 59.6 |
| APM peak | 101 |
| eAPM avg | 19.5 |
| Villagers / military | 79 / 33 |
Focus
⚔️ 24.3% · 🌾 75.7%
Scout Cavalry ×32 · Spearman ×1
Feudal
9:01
Castle
—
Imperial
—
| APM avg | 69.9 |
| APM peak | 109 |
| eAPM avg | 19.5 |
| Villagers / military | 43 / 19 |
Focus
⚔️ 31.6% · 🌾 68.4%
Scout Cavalry ×19
Feudal
9:55
Castle
—
Imperial
—
| APM avg | 48.5 |
| APM peak | 121 |
| eAPM avg | 20.3 |
| Villagers / military | 47 / 52 |
Focus
⚔️ 43.2% · 🌾 56.8%
Archer ×52
Feudal
9:24
Castle
21:22
Imperial
—
| APM avg | 69.6 |
| APM peak | 102 |
| eAPM avg | 20.8 |
| Villagers / military | 58 / 45 |
Focus
⚔️ 36.3% · 🌾 63.7%
Archer ×41 · Militia ×4
Feudal
9:53
Castle
—
Imperial
—
| APM avg | 66.1 |
| APM peak | 91 |
| eAPM avg | 35.4 |
| Villagers / military | 68 / 46 |
Focus
⚔️ 28.6% · 🌾 71.4%
Archer ×42 · Spearman ×3 · Militia ×1
Match map
Initial resources + every placement click. Lines = walls · curves = elevation contours. ◆ gold · ⬟ stone · ● berries · ✦ relic · ◌ wall gap
Your base· Open — unwalled flank
La Serpiente Emplumada's base· ✓ Closed at 21:58 · 36t walls · no gate
YOGRANNYCANTSCRAP's base· Open — 6t gap
~BroKen~'s base· ✓ Closed at 12:00 · 45t walls · no gate
买女孩的小火柴's base· ✓ Closed at 21:20 · 41t walls · no gate
Lea's base· Open — 4t gap
Datel's base· ✓ Closed at 21:22 · 34t walls · no gate
[TBArg] kaos_leo's base· Open — unwalled flank
Smoothed initial terrain · ◌ = detected wall gap · hover for details
Inputs per minute
— TheGooseTransporter - - La Serpiente Emplumada
Build order — TheGooseTransporter
106 actions detected in the replay
| 0:01 | Queue | Villager (Male) |
| 0:02 | Build | House |
| 0:03 | Build | House |
| 0:21 | Queue | Villager (Male) ×3 |
| 1:37 | Queue | Villager (Male) |
| 2:11 | Build | Lumber Camp |
| 2:13 | Queue | Villager (Male) |
| 2:21 | Queue | Villager (Male) |
| 2:58 | Queue | Villager (Male) |
| 2:58 | Queue | Villager (Male) |
| 3:36 | Queue | Villager (Male) |
| 3:36 | Queue | Villager (Male) |
| 3:36 | Queue | Villager (Male) |
| 3:37 | Queue | Villager (Male) |
| 3:54 | Queue | Villager (Male) |
| 4:11 | Build | House |
| 4:54 | Queue | Villager (Male) |
| 4:54 | Queue | Villager (Male) |
| 5:02 | Build | Mill |
| 5:24 | Queue | Villager (Male) |
| 5:55 | Build | Mill |
| 6:06 | Queue | Villager (Male) |
| 6:34 | Queue | Villager (Male) |
| 6:38 | Research | Loom |
| 6:46 | Build | House |
| 6:56 | Build | Mining Camp |
| 7:27 | Queue | Villager (Male) |
| 7:48 | Queue | Villager (Male) |
| 8:24 | Research | Feudal Age |
| 8:58 | Build | Barracks |
| 9:01 | Build | House |
| 9:02 | Build | House |
| 10:27 | Build | House |
| 10:34 | Age | Feudal Age |
| 10:35 | Queue | Villager (Male) |
| 10:44 | Build | Archery Range |
| 10:46 | Build | Archery Range |
| 10:48 | Queue | Villager (Male) |
| 11:03 | Build | House |
| 11:05 | Build | House |
| 11:08 | Queue | Villager (Male) |
| 11:12 | Research | Double-Bit Axe |
| 11:29 | Queue | Archer |
| 11:36 | Queue | Archer |
| 11:38 | Queue | Archer |
| 11:39 | Queue | Villager (Male) |
| 11:41 | Queue | Archer |
| 11:48 | Build | Palisade Gate |
| 12:01 | Build | Palisade Wall |
| 12:04 | Queue | Villager (Male) |
| 12:18 | Queue | Archer |
| 12:18 | Queue | Archer |
| 12:19 | Queue | Villager (Male) |
| 12:23 | Build | House |
| 12:34 | Build | House |
| 12:36 | Build | Palisade Wall |
| 12:37 | Build | Palisade Wall |
| 12:42 | Build | Palisade Wall |
| 12:52 | Queue | Villager (Male) |
| 13:01 | Build | Blacksmith |
| 13:09 | Queue | Archer |
| 13:09 | Queue | Archer |
| 13:16 | Build | Palisade Wall |
| 13:17 | Build | Palisade Wall |
| 13:24 | Queue | Villager (Male) |
| 13:42 | Build | House |
| 13:50 | Queue | Archer |
| 13:50 | Queue | Archer |
| 14:09 | Research | Fletching |
| 14:10 | Queue | Villager (Male) |
| 14:17 | Build | Watch Tower |
| 14:31 | Build | Mining Camp |
| 14:34 | Build | Palisade Wall |
| 14:36 | Build | House |
| 14:38 | Build | Palisade Wall |
| 14:46 | Build | Palisade Wall |
| 14:48 | Build | Palisade Wall |
| 14:49 | Build | Palisade Wall |
| 14:51 | Build | Palisade Wall |
| 14:54 | Build | Palisade Wall |
| 15:50 | Build | House |
| 15:52 | Queue | Archer |
| 15:52 | Queue | Skirmisher |
| 15:53 | Queue | Villager (Male) |
| 15:58 | Queue | Villager (Male) |
| 16:26 | Queue | Villager (Male) |
| 16:54 | Queue | Villager (Male) |
| 17:06 | Build | Mining Camp |
| 17:14 | Build | Farm |
| 17:15 | Build | Farm |
| 17:16 | Build | Farm |
| 17:17 | Build | Farm |
| 17:21 | Build | Farm |
| 17:21 | Build | Farm |
| 17:23 | Build | Farm |
| 17:33 | Queue | Archer |
| 17:34 | Queue | Archer |
| 17:55 | Queue | Archer |
| 17:55 | Queue | Archer |
| 18:23 | Queue | Villager (Male) |
| 18:25 | Queue | Archer |
| 18:25 | Queue | Archer |
| 19:14 | Queue | Archer |
| 19:14 | Queue | Villager (Male) |
| 19:32 | Build | Outpost |
| 19:45 | Queue | Villager (Male) |
Build order — La Serpiente Emplumada
150 actions detected in the replay
| 0:00 | Queue | Villager (Male) |
| 0:01 | Queue | Villager (Male) |
| 0:01 | Queue | Villager (Male) |
| 0:01 | Queue | Villager (Male) |
| 0:02 | Queue | Villager (Male) |
| 0:02 | Build | House |
| 0:03 | Build | House |
| 1:25 | Queue | Villager (Male) |
| 2:01 | Queue | Villager (Male) |
| 2:01 | Queue | Villager (Male) |
| 2:18 | Build | Lumber Camp |
| 2:19 | Queue | Villager (Male) |
| 2:49 | Queue | Villager (Male) |
| 2:49 | Queue | Villager (Male) |
| 2:50 | Queue | Villager (Male) |
| 3:36 | Queue | Villager (Male) |
| 3:36 | Queue | Villager (Male) |
| 3:55 | Build | House |
| 4:25 | Build | House |
| 4:40 | Queue | Villager (Male) |
| 4:40 | Queue | Villager (Male) |
| 4:47 | Build | Mill |
| 5:05 | Build | Mill |
| 5:16 | Queue | Villager (Male) |
| 5:48 | Queue | Villager (Male) |
| 6:13 | Queue | Villager (Male) |
| 6:20 | Build | Farm |
| 6:23 | Build | Farm |
| 6:47 | Queue | Villager (Male) |
| 7:13 | Research | Feudal Age |
| 7:13 | Research | Feudal Age |
| 8:01 | Research | Loom |
| 8:28 | Build | Barracks |
| 9:23 | Age | Feudal Age |
| 9:27 | Build | Stable |
| 9:29 | Research | Double-Bit Axe |
| 9:29 | Research | Double-Bit Axe |
| 9:36 | Queue | Villager (Male) |
| 9:56 | Queue | Villager (Male) |
| 10:00 | Build | Mill |
| 10:09 | Queue | Scout Cavalry |
| 10:09 | Queue | Scout Cavalry |
| 10:12 | Build | House |
| 10:26 | Build | Farm |
| 10:32 | Queue | Villager (Male) |
| 10:39 | Build | House |
| 10:41 | Build | Palisade Wall |
| 10:51 | Build | Farm |
| 10:52 | Queue | Villager (Male) |
| 10:59 | Build | Farm |
| 11:08 | Queue | Scout Cavalry |
| 11:10 | Queue | Villager (Male) |
| 11:12 | Build | Farm |
| 11:17 | Build | Farm |
| 11:33 | Queue | Scout Cavalry |
| 11:36 | Research | Horse Collar |
| 11:36 | Research | Horse Collar |
| 11:36 | Research | Horse Collar |
| 11:48 | Build | House |
| 11:51 | Queue | Villager (Male) |
| 11:54 | Build | House |
| 11:56 | Build | Palisade Wall |
| 12:00 | Queue | Scout Cavalry |
| 12:08 | Build | Farm |
| 12:19 | Queue | Villager (Male) |
| 12:23 | Build | Farm |
| 12:33 | Build | House |
| 12:37 | Queue | Scout Cavalry |
| 12:37 | Queue | Villager (Male) |
| 12:48 | Queue | Villager (Male) |
| 12:51 | Build | Farm |
| 12:52 | Build | Farm |
| 13:03 | Queue | Scout Cavalry |
| 13:16 | Build | Farm |
| 13:18 | Queue | Villager (Male) |
| 13:21 | Build | House |
| 13:31 | Queue | Villager (Male) |
| 13:33 | Build | House |
| 13:40 | Queue | Scout Cavalry |
| 13:49 | Build | Farm |
| 14:01 | Build | House |
| 14:02 | Queue | Villager (Male) |
| 14:09 | Build | Farm |
| 14:12 | Queue | Scout Cavalry |
| 14:18 | Build | Farm |
| 14:19 | Queue | Villager (Male) |
| 14:22 | Build | Palisade Wall |
| 14:44 | Queue | Villager (Male) |
| 14:47 | Build | House |
| 14:58 | Queue | Scout Cavalry |
| 15:03 | Build | Mining Camp |
| 15:18 | Build | House |
| 15:23 | Queue | Scout Cavalry |
| 15:28 | Queue | Villager (Male) |
| 15:30 | Build | Farm |
| 15:33 | Build | Palisade Wall |
| 15:34 | Build | Farm |
| 15:42 | Queue | Villager (Male) |
| 15:43 | Queue | Scout Cavalry |
| 15:49 | Build | Farm |
| 15:55 | Build | House |
| 16:00 | Queue | Scout Cavalry |
| 16:17 | Queue | Villager (Male) |
| 16:21 | Queue | Scout Cavalry |
| 16:35 | Queue | Villager (Male) |
| 16:44 | Research | Bloodlines |
| 16:48 | Build | Blacksmith |
| 17:01 | Queue | Villager (Male) |
| 17:05 | Build | Farm |
| 17:06 | Build | Farm |
| 17:28 | Build | House |
| 17:32 | Research | Wheelbarrow |
| 18:28 | Build | House |
| 18:36 | Queue | Villager (Male) |
| 18:42 | Build | Market |
| 18:54 | Build | House |
| 18:56 | Build | Palisade Wall |
| 19:18 | Research | Castle Age |
| 19:19 | Research | Castle Age |
| 19:19 | Research | Castle Age |
| 19:26 | Build | Stable |
| 19:47 | Build | House |
| 20:01 | Research | Scale Barding Armor |
| 20:02 | Research | Scale Barding Armor |
| 20:28 | Research | Gold Mining |
| 20:29 | Research | Gold Mining |
| 20:44 | Queue | Villager (Male) |
| 21:58 | Age | Castle Age |
| 22:05 | Research | Light Cavalry (upgrade) |
| 22:05 | Research | Husbandry |
| 22:05 | Queue | Knight |
| 22:08 | Research | Chain Barding Armor |
| 22:09 | Research | Bow Saw |
| 22:09 | Research | Bow Saw |
| 22:20 | Build | Farm |
| 22:20 | Build | Farm |
| 22:21 | Research | Heavy Plow |
| 22:21 | Queue | Villager (Male) |
| 22:42 | Build | Farm |
| 22:43 | Build | Farm |
| 22:46 | Queue | Villager (Male) |
| 22:49 | Build | Mining Camp |
| 22:50 | Queue | Knight |
| 22:50 | Queue | Knight |
| 22:57 | Queue | Knight |
| 22:57 | Queue | Knight |
| 23:10 | Queue | Villager (Male) |
| 23:13 | Queue | Knight |
| 23:13 | Queue | Knight |
| 23:15 | Build | Farm |
Build order — YOGRANNYCANTSCRAP
118 actions detected in the replay
| 0:01 | Queue | Villager (Male) |
| 0:01 | Queue | Villager (Male) |
| 0:01 | Queue | Villager (Male) |
| 0:02 | Build | House |
| 0:04 | Build | House |
| 0:27 | Queue | Villager (Male) |
| 1:30 | Queue | Villager (Male) |
| 1:53 | Build | Lumber Camp |
| 2:04 | Queue | Villager (Male) |
| 2:19 | Queue | Villager (Male) |
| 2:43 | Build | House |
| 2:56 | Queue | Villager (Male) |
| 3:17 | Build | House |
| 3:30 | Queue | Villager (Male) |
| 3:33 | Queue | Villager (Male) |
| 4:26 | Queue | Villager (Male) |
| 5:16 | Queue | Villager (Male) |
| 5:16 | Queue | Villager (Male) |
| 5:17 | Queue | Villager (Male) |
| 5:33 | Queue | Villager (Male) |
| 5:33 | Queue | Villager (Male) |
| 5:38 | Queue | Villager (Male) |
| 6:01 | Queue | Villager (Male) |
| 6:14 | Queue | Villager (Male) |
| 7:00 | Build | Mill |
| 7:25 | Queue | Villager (Male) |
| 7:45 | Research | Loom |
| 8:16 | Research | Feudal Age |
| 8:29 | Build | Palisade Wall |
| 8:34 | Build | Palisade Wall |
| 9:02 | Build | Farm |
| 9:16 | Build | Palisade Wall |
| 9:20 | Build | Farm |
| 9:33 | Build | Farm |
| 10:26 | Age | Feudal Age |
| 10:27 | Build | Stable |
| 10:30 | Queue | Villager (Male) |
| 10:34 | Build | Palisade Wall |
| 10:46 | Build | House |
| 11:07 | Build | Palisade Wall |
| 11:09 | Queue | Villager (Male) |
| 11:13 | Build | Farm |
| 11:17 | Queue | Scout Cavalry |
| 11:22 | Research | Double-Bit Axe |
| 11:32 | Queue | Villager (Male) |
| 11:41 | Queue | Scout Cavalry |
| 11:41 | Queue | Villager (Male) |
| 11:45 | Build | House |
| 11:47 | Build | House |
| 11:54 | Build | House |
| 11:56 | Build | House |
| 12:04 | Build | Palisade Wall |
| 12:06 | Build | Palisade Wall |
| 12:08 | Queue | Villager (Male) |
| 12:28 | Queue | Scout Cavalry |
| 12:55 | Queue | Scout Cavalry |
| 13:29 | Queue | Villager (Male) |
| 13:30 | Queue | Scout Cavalry |
| 13:40 | Build | Stable |
| 13:47 | Build | Blacksmith |
| 13:48 | Build | Farm |
| 13:48 | Build | Farm |
| 13:49 | Build | Farm |
| 14:01 | Queue | Villager (Male) |
| 14:15 | Build | Farm |
| 14:15 | Build | Farm |
| 14:33 | Build | Farm |
| 14:35 | Queue | Villager (Male) |
| 15:08 | Queue | Villager (Male) |
| 15:13 | Queue | Villager (Male) |
| 15:15 | Build | Mill |
| 15:17 | Build | Farm |
| 15:31 | Queue | Scout Cavalry |
| 15:32 | Queue | Scout Cavalry |
| 15:47 | Queue | Villager (Male) |
| 15:57 | Build | Farm |
| 15:59 | Build | Farm |
| 16:01 | Build | Farm |
| 16:02 | Build | House |
| 16:04 | Build | House |
| 16:27 | Queue | Villager (Male) |
| 16:31 | Build | Farm |
| 16:33 | Queue | Villager (Male) |
| 16:34 | Queue | Scout Cavalry |
| 16:35 | Queue | Scout Cavalry |
| 16:41 | Build | House |
| 16:45 | Build | House |
| 16:47 | Queue | Scout Cavalry |
| 16:59 | Queue | Villager (Male) |
| 17:03 | Research | Scale Barding Armor |
| 17:04 | Build | Farm |
| 17:05 | Build | Farm |
| 17:05 | Build | Farm |
| 17:05 | Queue | Villager (Male) |
| 17:12 | Build | House |
| 17:20 | Queue | Villager (Male) |
| 17:24 | Build | House |
| 17:25 | Queue | Villager (Male) |
| 17:30 | Queue | Villager (Male) |
| 17:36 | Build | House |
| 17:40 | Queue | Villager (Male) |
| 17:52 | Queue | Scout Cavalry |
| 17:53 | Queue | Villager (Male) |
| 18:24 | Queue | Scout Cavalry |
| 18:28 | Build | Palisade Gate |
| 18:41 | Queue | Villager (Male) |
| 18:48 | Queue | Scout Cavalry |
| 18:48 | Queue | Villager (Male) |
| 18:50 | Build | Farm |
| 18:51 | Queue | Villager (Male) |
| 19:08 | Queue | Villager (Male) |
| 19:10 | Build | Farm |
| 19:14 | Build | Farm |
| 19:15 | Queue | Scout Cavalry |
| 19:26 | Queue | Villager (Male) |
| 19:31 | Build | Mining Camp |
| 19:35 | Build | House |
| 19:40 | Queue | Scout Cavalry |
Build order — ~BroKen~
First 150 of 175 actions detected
| 0:01 | Queue | Villager (Male) |
| 0:01 | Queue | Villager (Male) |
| 0:02 | Queue | Villager (Male) |
| 0:02 | Build | House |
| 0:04 | Build | House |
| 0:33 | Queue | Villager (Male) |
| 0:34 | Queue | Villager (Male) |
| 0:34 | Queue | Villager (Male) |
| 1:14 | Queue | Villager (Male) |
| 1:14 | Queue | Villager (Male) |
| 1:14 | Queue | Villager (Male) |
| 1:59 | Queue | Villager (Male) |
| 1:59 | Queue | Villager (Male) |
| 1:59 | Queue | Villager (Male) |
| 2:12 | Queue | Villager (Male) |
| 2:13 | Queue | Villager (Male) |
| 2:13 | Queue | Villager (Male) |
| 2:17 | Build | Lumber Camp |
| 2:54 | Queue | Villager (Male) |
| 2:55 | Queue | Villager (Male) |
| 3:13 | Queue | Villager (Male) |
| 3:13 | Queue | Villager (Male) |
| 3:14 | Queue | Villager (Male) |
| 3:56 | Queue | Villager (Male) |
| 3:56 | Queue | Villager (Male) |
| 3:57 | Queue | Villager (Male) |
| 3:57 | Queue | Villager (Male) |
| 3:57 | Queue | Villager (Male) |
| 4:03 | Build | House |
| 4:04 | Build | House |
| 4:06 | Build | Palisade Wall |
| 4:23 | Queue | Villager (Male) |
| 4:32 | Research | Loom |
| 4:44 | Queue | Villager (Male) |
| 4:51 | Queue | Villager (Male) |
| 4:51 | Queue | Villager (Male) |
| 4:56 | Queue | Villager (Male) |
| 4:59 | Queue | Villager (Male) |
| 4:59 | Queue | Villager (Male) |
| 5:26 | Build | Mill |
| 6:04 | Queue | Villager (Male) |
| 6:18 | Build | Palisade Wall |
| 6:59 | Research | Feudal Age |
| 6:59 | Research | Feudal Age |
| 7:25 | Build | Lumber Camp |
| 7:34 | Queue | Villager (Male) |
| 7:34 | Queue | Villager (Male) |
| 8:31 | Build | Barracks |
| 9:03 | Age | Feudal Age |
| 9:31 | Build | Stable |
| 9:32 | Queue | Villager (Male) |
| 9:42 | Research | Double-Bit Axe |
| 9:42 | Research | Double-Bit Axe |
| 10:02 | Queue | Villager (Male) |
| 10:11 | Queue | Scout Cavalry |
| 10:11 | Queue | Scout Cavalry |
| 10:12 | Queue | Scout Cavalry |
| 10:12 | Queue | Scout Cavalry |
| 10:25 | Build | Farm |
| 10:26 | Build | Farm |
| 10:27 | Build | Farm |
| 10:34 | Queue | Villager (Male) |
| 10:34 | Queue | Villager (Male) |
| 10:39 | Build | House |
| 10:40 | Build | House |
| 10:42 | Build | Palisade Wall |
| 11:05 | Build | Farm |
| 11:06 | Build | Farm |
| 11:12 | Build | Farm |
| 11:13 | Queue | Villager (Male) |
| 11:13 | Queue | Villager (Male) |
| 11:55 | Build | House |
| 12:13 | Queue | Scout Cavalry |
| 12:13 | Queue | Scout Cavalry |
| 12:18 | Queue | Villager (Male) |
| 12:18 | Queue | Villager (Male) |
| 12:18 | Queue | Villager (Male) |
| 12:20 | Build | Farm |
| 12:24 | Build | Farm |
| 12:50 | Queue | Scout Cavalry |
| 12:50 | Queue | Scout Cavalry |
| 13:03 | Queue | Scout Cavalry |
| 13:09 | Build | Farm |
| 13:10 | Build | Farm |
| 13:18 | Build | House |
| 13:19 | Build | House |
| 13:22 | Build | House |
| 13:23 | Queue | Villager (Male) |
| 13:23 | Queue | Villager (Male) |
| 13:48 | Queue | Scout Cavalry |
| 13:48 | Queue | Scout Cavalry |
| 13:50 | Queue | Villager (Male) |
| 13:51 | Queue | Villager (Male) |
| 13:54 | Build | Farm |
| 14:21 | Queue | Scout Cavalry |
| 14:21 | Queue | Scout Cavalry |
| 14:27 | Queue | Spearman |
| 14:44 | Queue | Scout Cavalry |
| 14:48 | Build | Farm |
| 14:50 | Queue | Villager (Male) |
| 14:50 | Queue | Villager (Male) |
| 15:06 | Queue | Villager (Male) |
| 15:06 | Queue | Villager (Male) |
| 15:06 | Queue | Villager (Male) |
| 15:19 | Build | Farm |
| 15:37 | Queue | Scout Cavalry |
| 15:38 | Queue | Scout Cavalry |
| 15:38 | Queue | Scout Cavalry |
| 15:45 | Build | Farm |
| 16:03 | Queue | Scout Cavalry |
| 16:04 | Queue | Villager (Male) |
| 16:05 | Queue | Villager (Male) |
| 16:11 | Build | Blacksmith |
| 16:40 | Queue | Villager (Male) |
| 16:41 | Queue | Villager (Male) |
| 16:41 | Queue | Villager (Male) |
| 16:45 | Build | Farm |
| 16:46 | Queue | Villager (Male) |
| 16:46 | Queue | Villager (Male) |
| 16:58 | Research | Horse Collar |
| 17:01 | Research | Wheelbarrow |
| 17:08 | Queue | Villager (Male) |
| 17:09 | Queue | Villager (Male) |
| 17:11 | Build | House |
| 17:12 | Build | House |
| 17:17 | Build | Farm |
| 17:18 | Queue | Villager (Male) |
| 17:20 | Build | Mining Camp |
| 17:45 | Queue | Scout Cavalry |
| 17:45 | Queue | Scout Cavalry |
| 18:03 | Research | Scale Barding Armor |
| 18:03 | Research | Scale Barding Armor |
| 18:17 | Build | Stable |
| 18:25 | Build | Stable |
| 18:29 | Queue | Villager (Male) |
| 18:40 | Queue | Scout Cavalry |
| 18:40 | Queue | Scout Cavalry |
| 18:41 | Queue | Scout Cavalry |
| 18:53 | Queue | Villager (Male) |
| 18:53 | Queue | Villager (Male) |
| 19:13 | Research | Forging |
| 19:27 | Queue | Scout Cavalry |
| 19:27 | Queue | Scout Cavalry |
| 20:00 | Research | Bloodlines |
| 20:02 | Queue | Villager (Male) |
| 20:02 | Queue | Villager (Male) |
| 20:02 | Queue | Villager (Male) |
| 20:07 | Queue | Villager (Male) |
| 20:07 | Queue | Villager (Male) |
| 20:08 | Queue | Villager (Male) |
Build order — 买女孩的小火柴
120 actions detected in the replay
| 0:02 | Queue | Villager (Male) |
| 0:03 | Queue | Villager (Male) |
| 0:04 | Build | House |
| 0:05 | Build | House |
| 0:25 | Queue | Villager (Male) |
| 0:25 | Queue | Villager (Male) |
| 1:13 | Queue | Villager (Male) |
| 2:05 | Build | Lumber Camp |
| 2:07 | Queue | Villager (Male) |
| 2:27 | Queue | Villager (Male) |
| 2:27 | Queue | Villager (Male) |
| 2:57 | Queue | Villager (Male) |
| 3:18 | Queue | Villager (Male) |
| 3:35 | Build | Mill |
| 3:50 | Queue | Villager (Male) |
| 3:50 | Queue | Villager (Male) |
| 4:06 | Build | House |
| 4:35 | Queue | Villager (Male) |
| 5:04 | Queue | Villager (Male) |
| 5:31 | Queue | Villager (Male) |
| 5:32 | Queue | Villager (Male) |
| 5:46 | Queue | Villager (Male) |
| 5:59 | Build | Mill |
| 6:01 | Research | Loom |
| 6:51 | Research | Feudal Age |
| 7:22 | Build | House |
| 8:02 | Build | Barracks |
| 8:05 | Build | Barracks |
| 8:11 | Queue | Villager (Male) |
| 9:01 | Age | Feudal Age |
| 9:02 | Build | Stable |
| 9:19 | Queue | Villager (Male) |
| 9:27 | Research | Double-Bit Axe |
| 9:33 | Build | House |
| 9:47 | Build | Palisade Wall |
| 9:49 | Queue | Villager (Male) |
| 9:55 | Queue | Scout Cavalry |
| 10:00 | Build | House |
| 10:01 | Build | Palisade Wall |
| 10:02 | Build | Palisade Wall |
| 10:07 | Queue | Villager (Male) |
| 10:14 | Queue | Scout Cavalry |
| 10:28 | Queue | Scout Cavalry |
| 10:34 | Queue | Villager (Male) |
| 10:40 | Build | Blacksmith |
| 10:56 | Build | Palisade Wall |
| 10:59 | Queue | Villager (Male) |
| 11:16 | Queue | Scout Cavalry |
| 11:32 | Queue | Villager (Male) |
| 11:35 | Build | Palisade Wall |
| 11:38 | Build | Palisade Wall |
| 11:52 | Queue | Villager (Male) |
| 11:57 | Build | Pasture |
| 12:10 | Build | Pasture |
| 12:22 | Build | Pasture |
| 12:24 | Queue | Villager (Male) |
| 12:43 | Build | House |
| 12:44 | Build | House |
| 12:46 | Build | Pasture |
| 12:48 | Queue | Villager (Male) |
| 13:02 | Build | Pasture |
| 13:12 | Queue | Villager (Male) |
| 13:22 | Build | Pasture |
| 13:31 | Queue | Villager (Male) |
| 13:49 | Build | House |
| 13:55 | Research | Forging |
| 14:01 | Build | House |
| 14:03 | Build | Palisade Wall |
| 14:04 | Queue | Villager (Male) |
| 14:07 | Build | Pasture |
| 14:27 | Build | House |
| 14:30 | Build | Palisade Wall |
| 14:32 | Queue | Villager (Male) |
| 14:39 | Queue | Scout Cavalry |
| 15:02 | Queue | Villager (Male) |
| 15:03 | Queue | Scout Cavalry |
| 15:13 | Queue | Scout Cavalry |
| 15:17 | Build | Pasture |
| 15:31 | Queue | Villager (Male) |
| 15:38 | Build | House |
| 15:45 | Research | Scale Barding Armor |
| 15:45 | Research | Scale Barding Armor |
| 15:46 | Queue | Villager (Male) |
| 15:59 | Queue | Scout Cavalry |
| 16:05 | Build | Pasture |
| 16:16 | Build | Pasture |
| 16:18 | Queue | Villager (Male) |
| 16:27 | Queue | Scout Cavalry |
| 16:36 | Queue | Villager (Male) |
| 16:43 | Queue | Scout Cavalry |
| 16:57 | Queue | Villager (Male) |
| 17:02 | Build | Pasture |
| 17:02 | Queue | Villager (Male) |
| 17:26 | Queue | Scout Cavalry |
| 17:33 | Queue | Villager (Male) |
| 17:47 | Build | Pasture |
| 17:49 | Queue | Scout Cavalry |
| 18:13 | Build | Pasture |
| 18:19 | Queue | Villager (Male) |
| 18:20 | Queue | Scout Cavalry |
| 18:36 | Queue | Scout Cavalry |
| 18:44 | Queue | Villager (Male) |
| 18:46 | Build | Mining Camp |
| 19:10 | Queue | Villager (Male) |
| 19:30 | Research | Wheelbarrow |
| 19:32 | Queue | Villager (Male) |
| 19:37 | Research | Wheelbarrow |
| 20:00 | Build | Pasture |
| 20:01 | Build | Pasture |
| 20:29 | Build | Lumber Camp |
| 20:37 | Research | Tech 1014 |
| 21:07 | Queue | Scout Cavalry |
| 21:20 | Research | Castle Age |
| 21:44 | Build | Stable |
| 21:48 | Queue | Scout Cavalry |
| 22:09 | Build | Palisade Gate |
| 22:18 | Queue | Scout Cavalry |
| 22:29 | Build | Pasture |
| 22:41 | Queue | Scout Cavalry |
| 23:02 | Queue | Scout Cavalry |
Build order — Lea
First 150 of 168 actions detected
| 0:01 | Research | Loom |
| 0:01 | Queue | Villager (Male) |
| 0:01 | Queue | Villager (Male) |
| 0:02 | Queue | Villager (Male) |
| 0:02 | Build | House |
| 0:03 | Build | House |
| 1:17 | Queue | Villager (Male) |
| 1:17 | Queue | Villager (Male) |
| 2:08 | Queue | Villager (Male) |
| 2:09 | Queue | Villager (Male) |
| 2:18 | Queue | Villager (Male) |
| 3:00 | Queue | Villager (Male) |
| 3:03 | Queue | Villager (Male) |
| 3:03 | Queue | Villager (Male) |
| 3:34 | Queue | Villager (Male) |
| 3:34 | Queue | Villager (Male) |
| 4:22 | Queue | Villager (Male) |
| 4:22 | Queue | Villager (Male) |
| 4:39 | Queue | Villager (Male) |
| 4:39 | Queue | Villager (Male) |
| 4:48 | Build | Palisade Wall |
| 5:00 | Build | Palisade Wall |
| 5:06 | Build | Palisade Wall |
| 5:10 | Build | Palisade Wall |
| 5:12 | Queue | Villager (Male) |
| 5:12 | Queue | Villager (Male) |
| 5:16 | Build | House |
| 5:26 | Build | Palisade Wall |
| 5:34 | Queue | Villager (Male) |
| 5:39 | Queue | Villager (Male) |
| 5:39 | Queue | Villager (Male) |
| 5:55 | Queue | Villager (Male) |
| 5:55 | Queue | Villager (Male) |
| 6:16 | Build | Lumber Camp |
| 7:08 | Build | Mining Camp |
| 7:45 | Research | Feudal Age |
| 7:45 | Research | Feudal Age |
| 8:37 | Build | Barracks |
| 9:20 | Build | House |
| 9:37 | Queue | Villager (Male) |
| 9:37 | Queue | Villager (Male) |
| 9:55 | Age | Feudal Age |
| 9:56 | Build | Archery Range |
| 10:05 | Build | Archery Range |
| 10:17 | Build | Palisade Wall |
| 10:21 | Queue | Villager (Male) |
| 10:30 | Build | House |
| 10:50 | Build | Blacksmith |
| 10:52 | Queue | Archer |
| 11:03 | Queue | Archer |
| 11:03 | Queue | Archer |
| 11:04 | Queue | Archer |
| 11:05 | Queue | Villager (Male) |
| 11:17 | Queue | Archer |
| 11:25 | Research | Fletching |
| 11:25 | Research | Fletching |
| 11:39 | Build | House |
| 11:41 | Build | Palisade Wall |
| 11:42 | Queue | Archer |
| 11:42 | Queue | Archer |
| 11:54 | Queue | Archer |
| 11:54 | Queue | Archer |
| 11:56 | Queue | Villager (Male) |
| 11:58 | Build | House |
| 12:06 | Queue | Archer |
| 12:06 | Queue | Archer |
| 12:23 | Queue | Archer |
| 12:23 | Queue | Archer |
| 12:28 | Queue | Villager (Male) |
| 12:28 | Queue | Villager (Male) |
| 12:31 | Build | Mill |
| 12:41 | Queue | Archer |
| 12:42 | Queue | Archer |
| 12:54 | Queue | Archer |
| 12:55 | Queue | Archer |
| 13:11 | Queue | Archer |
| 13:12 | Queue | Archer |
| 13:31 | Queue | Archer |
| 13:37 | Queue | Villager (Male) |
| 13:39 | Build | House |
| 13:42 | Build | Farm |
| 13:55 | Build | Watch Tower |
| 14:02 | Queue | Archer |
| 14:11 | Queue | Archer |
| 14:11 | Queue | Archer |
| 14:12 | Queue | Villager (Male) |
| 14:19 | Build | Watch Tower |
| 14:26 | Build | Farm |
| 14:26 | Build | Farm |
| 14:26 | Build | Farm |
| 14:31 | Queue | Archer |
| 14:31 | Queue | Archer |
| 14:37 | Queue | Villager (Male) |
| 14:38 | Queue | Villager (Male) |
| 15:02 | Queue | Archer |
| 15:02 | Queue | Archer |
| 15:08 | Build | Watch Tower |
| 15:22 | Queue | Archer |
| 15:22 | Queue | Archer |
| 15:23 | Queue | Archer |
| 15:24 | Queue | Villager (Male) |
| 15:24 | Queue | Villager (Male) |
| 15:28 | Build | Farm |
| 15:46 | Queue | Archer |
| 15:46 | Queue | Archer |
| 15:48 | Queue | Villager (Male) |
| 15:52 | Build | House |
| 15:58 | Build | Palisade Wall |
| 16:03 | Build | Palisade Wall |
| 16:09 | Build | House |
| 16:13 | Queue | Villager (Male) |
| 16:13 | Queue | Villager (Male) |
| 16:16 | Build | Palisade Wall |
| 16:17 | Build | Palisade Wall |
| 16:19 | Build | Palisade Wall |
| 16:23 | Queue | Archer |
| 16:23 | Queue | Archer |
| 16:23 | Queue | Archer |
| 16:26 | Build | House |
| 16:43 | Build | Palisade Wall |
| 16:52 | Queue | Archer |
| 16:52 | Queue | Archer |
| 16:55 | Queue | Villager (Male) |
| 16:59 | Build | Farm |
| 17:04 | Queue | Archer |
| 17:04 | Queue | Archer |
| 17:18 | Research | Double-Bit Axe |
| 17:19 | Research | Double-Bit Axe |
| 17:28 | Queue | Villager (Male) |
| 17:39 | Build | Farm |
| 17:43 | Queue | Archer |
| 17:43 | Queue | Archer |
| 17:53 | Build | Farm |
| 17:55 | Queue | Villager (Male) |
| 17:55 | Queue | Villager (Male) |
| 18:23 | Queue | Villager (Male) |
| 18:37 | Queue | Villager (Male) |
| 18:39 | Build | Farm |
| 18:49 | Queue | Archer |
| 18:50 | Queue | Archer |
| 18:50 | Queue | Archer |
| 18:53 | Build | Mill |
| 18:54 | Build | Farm |
| 18:54 | Build | Farm |
| 18:54 | Build | Farm |
| 18:54 | Build | Farm |
| 18:55 | Build | Farm |
| 18:55 | Build | Farm |
| 19:23 | Queue | Archer |
| 19:23 | Queue | Archer |
Build order — Datel
First 150 of 159 actions detected
| 0:00 | Queue | Villager (Male) |
| 0:01 | Queue | Villager (Male) |
| 0:01 | Queue | Villager (Male) |
| 0:01 | Queue | Villager (Male) |
| 0:02 | Build | House |
| 0:04 | Build | House |
| 1:23 | Queue | Villager (Male) |
| 1:23 | Queue | Villager (Male) |
| 1:44 | Build | Lumber Camp |
| 1:57 | Queue | Villager (Male) |
| 1:57 | Queue | Villager (Male) |
| 2:13 | Queue | Villager (Male) |
| 2:14 | Queue | Villager (Male) |
| 2:14 | Queue | Villager (Male) |
| 2:43 | Queue | Villager (Male) |
| 2:43 | Queue | Villager (Male) |
| 3:02 | Queue | Villager (Male) |
| 3:02 | Queue | Villager (Male) |
| 3:02 | Queue | Villager (Male) |
| 3:25 | Build | House |
| 3:26 | Build | House |
| 3:34 | Queue | Villager (Male) |
| 3:34 | Queue | Villager (Male) |
| 4:06 | Queue | Villager (Male) |
| 4:06 | Queue | Villager (Male) |
| 4:11 | Queue | Villager (Male) |
| 4:58 | Queue | Villager (Male) |
| 4:58 | Queue | Villager (Male) |
| 5:01 | Queue | Villager (Male) |
| 5:01 | Queue | Villager (Male) |
| 5:06 | Build | Mill |
| 5:09 | Queue | Villager (Male) |
| 5:30 | Research | Loom |
| 5:45 | Queue | Villager (Male) |
| 6:33 | Build | Barracks |
| 6:47 | Queue | Villager (Male) |
| 6:57 | Build | Palisade Wall |
| 6:59 | Queue | Villager (Male) |
| 7:14 | Research | Feudal Age |
| 7:15 | Research | Feudal Age |
| 8:00 | Build | Mining Camp |
| 8:01 | Queue | Militia |
| 8:01 | Queue | Militia |
| 8:07 | Build | House |
| 8:08 | Queue | Villager (Male) |
| 8:34 | Queue | Militia |
| 8:35 | Queue | Militia |
| 9:24 | Age | Feudal Age |
| 9:33 | Research | Man-at-Arms (upgrade) |
| 9:34 | Research | Man-at-Arms (upgrade) |
| 10:04 | Queue | Villager (Male) |
| 10:05 | Queue | Villager (Male) |
| 10:07 | Build | Farm |
| 10:08 | Build | Farm |
| 10:09 | Build | Farm |
| 10:09 | Build | Farm |
| 10:19 | Queue | Villager (Male) |
| 10:25 | Build | Palisade Wall |
| 10:32 | Queue | Villager (Male) |
| 11:03 | Build | Archery Range |
| 11:24 | Queue | Villager (Male) |
| 11:29 | Build | Farm |
| 11:51 | Queue | Villager (Male) |
| 12:09 | Queue | Villager (Male) |
| 12:10 | Queue | Archer |
| 12:11 | Queue | Archer |
| 12:12 | Build | House |
| 12:14 | Build | House |
| 12:36 | Queue | Villager (Male) |
| 12:41 | Build | Farm |
| 12:42 | Build | Farm |
| 12:55 | Queue | Villager (Male) |
| 12:55 | Queue | Villager (Male) |
| 13:24 | Build | Archery Range |
| 13:33 | Queue | Villager (Male) |
| 13:48 | Queue | Archer |
| 13:57 | Queue | Villager (Male) |
| 14:00 | Build | House |
| 14:02 | Build | Palisade Wall |
| 14:09 | Queue | Villager (Male) |
| 14:12 | Queue | Archer |
| 14:15 | Queue | Archer |
| 14:15 | Queue | Archer |
| 14:35 | Queue | Archer |
| 14:36 | Queue | Archer |
| 14:39 | Queue | Villager (Male) |
| 14:47 | Build | Palisade Wall |
| 14:52 | Build | Palisade Wall |
| 14:55 | Queue | Archer |
| 14:56 | Queue | Archer |
| 15:08 | Build | Blacksmith |
| 15:10 | Build | House |
| 15:12 | Build | Palisade Wall |
| 15:15 | Queue | Villager (Male) |
| 15:35 | Queue | Archer |
| 15:35 | Queue | Archer |
| 15:41 | Build | Palisade Wall |
| 15:47 | Queue | Villager (Male) |
| 16:06 | Research | Fletching |
| 16:06 | Research | Fletching |
| 16:06 | Research | Fletching |
| 16:07 | Queue | Villager (Male) |
| 16:16 | Build | House |
| 16:31 | Queue | Archer |
| 16:33 | Queue | Villager (Male) |
| 16:51 | Build | Farm |
| 16:56 | Queue | Villager (Male) |
| 17:04 | Build | Market |
| 17:13 | Build | Farm |
| 17:36 | Queue | Archer |
| 17:36 | Queue | Archer |
| 17:43 | Queue | Archer |
| 17:52 | Queue | Villager (Male) |
| 17:52 | Queue | Villager (Male) |
| 18:28 | Build | Farm |
| 18:42 | Research | Castle Age |
| 18:42 | Research | Castle Age |
| 18:42 | Research | Castle Age |
| 18:47 | Queue | Archer |
| 18:48 | Queue | Archer |
| 18:54 | Build | Lumber Camp |
| 19:00 | Queue | Archer |
| 19:00 | Queue | Archer |
| 19:18 | Queue | Archer |
| 19:18 | Queue | Archer |
| 19:55 | Queue | Archer |
| 19:55 | Queue | Archer |
| 20:00 | Queue | Villager (Male) |
| 20:06 | Queue | Villager (Male) |
| 20:30 | Queue | Archer |
| 20:30 | Queue | Archer |
| 20:32 | Queue | Villager (Male) |
| 20:35 | Build | Archery Range |
| 21:03 | Queue | Archer |
| 21:04 | Queue | Archer |
| 21:22 | Age | Castle Age |
| 21:24 | Research | Crossbowman (upgrade) |
| 21:25 | Research | Crossbowman (upgrade) |
| 21:36 | Research | Bodkin Arrow |
| 21:36 | Research | Bodkin Arrow |
| 21:53 | Queue | Archer |
| 21:53 | Queue | Archer |
| 21:56 | Queue | Villager (Male) |
| 21:56 | Queue | Villager (Male) |
| 22:09 | Queue | Archer |
| 22:10 | Queue | Archer |
| 22:10 | Queue | Archer |
| 22:29 | Queue | Archer |
| 22:29 | Queue | Archer |
| 22:29 | Queue | Archer |
Build order — [TBArg] kaos_leo
First 150 of 184 actions detected
| 0:01 | Queue | Villager (Male) |
| 0:02 | Queue | Villager (Male) |
| 0:02 | Queue | Villager (Male) |
| 0:03 | Build | House |
| 0:03 | Queue | Villager (Male) |
| 0:04 | Build | House |
| 1:31 | Queue | Villager (Male) |
| 1:31 | Queue | Villager (Male) |
| 1:52 | Queue | Villager (Male) |
| 1:52 | Queue | Villager (Male) |
| 1:54 | Build | Lumber Camp |
| 2:31 | Queue | Villager (Male) |
| 2:31 | Queue | Villager (Male) |
| 2:32 | Queue | Villager (Male) |
| 2:57 | Queue | Villager (Male) |
| 2:57 | Queue | Villager (Male) |
| 3:15 | Queue | Villager (Male) |
| 3:15 | Queue | Villager (Male) |
| 3:54 | Queue | Villager (Male) |
| 4:03 | Build | House |
| 4:05 | Queue | Villager (Male) |
| 4:05 | Queue | Villager (Male) |
| 4:38 | Queue | Villager (Male) |
| 4:38 | Queue | Villager (Male) |
| 4:41 | Build | House |
| 4:46 | Build | Mining Camp |
| 5:29 | Queue | Villager (Male) |
| 5:31 | Queue | Villager (Male) |
| 5:44 | Build | Palisade Wall |
| 5:46 | Build | Palisade Wall |
| 5:48 | Build | Palisade Wall |
| 5:50 | Build | Palisade Wall |
| 5:52 | Build | Palisade Wall |
| 6:05 | Queue | Villager (Male) |
| 6:28 | Build | Mill |
| 6:29 | Queue | Villager (Male) |
| 6:32 | Queue | Villager (Male) |
| 6:45 | Research | Loom |
| 7:17 | Queue | Villager (Male) |
| 7:43 | Research | Feudal Age |
| 8:17 | Build | Barracks |
| 8:39 | Build | House |
| 9:40 | Build | Palisade Wall |
| 9:51 | Build | Palisade Wall |
| 9:52 | Build | Palisade Wall |
| 9:53 | Age | Feudal Age |
| 10:02 | Build | Archery Range |
| 10:07 | Queue | Villager (Male) |
| 10:07 | Queue | Villager (Male) |
| 10:25 | Build | House |
| 10:29 | Build | Palisade Wall |
| 10:33 | Build | Palisade Wall |
| 10:35 | Build | Palisade Wall |
| 10:45 | Research | Double-Bit Axe |
| 10:47 | Queue | Villager (Male) |
| 10:59 | Queue | Archer |
| 10:59 | Queue | Archer |
| 11:04 | Build | Mill |
| 11:04 | Queue | Villager (Male) |
| 11:07 | Queue | Villager (Male) |
| 11:08 | Queue | Villager (Male) |
| 11:10 | Build | Palisade Wall |
| 11:22 | Queue | Villager (Male) |
| 11:23 | Queue | Archer |
| 11:32 | Queue | Archer |
| 11:32 | Queue | Archer |
| 11:35 | Queue | Villager (Male) |
| 11:37 | Build | Farm |
| 11:38 | Build | Farm |
| 11:46 | Queue | Archer |
| 11:47 | Queue | Archer |
| 12:02 | Queue | Archer |
| 12:03 | Queue | Archer |
| 12:17 | Build | Farm |
| 12:18 | Build | Farm |
| 12:18 | Queue | Villager (Male) |
| 12:43 | Queue | Archer |
| 12:55 | Build | Blacksmith |
| 13:00 | Queue | Archer |
| 13:00 | Queue | Archer |
| 13:02 | Queue | Villager (Male) |
| 13:07 | Queue | Archer |
| 13:07 | Queue | Archer |
| 13:33 | Queue | Villager (Male) |
| 13:36 | Research | Fletching |
| 13:47 | Build | Farm |
| 13:48 | Queue | Villager (Male) |
| 13:53 | Build | Archery Range |
| 14:00 | Queue | Villager (Male) |
| 14:06 | Queue | Spearman |
| 14:10 | Build | House |
| 14:21 | Build | Palisade Gate |
| 14:43 | Queue | Archer |
| 14:43 | Queue | Archer |
| 14:47 | Build | Palisade Wall |
| 14:48 | Queue | Villager (Male) |
| 14:49 | Build | Palisade Wall |
| 14:59 | Queue | Villager (Male) |
| 14:59 | Queue | Villager (Male) |
| 15:04 | Build | Farm |
| 15:04 | Queue | Villager (Male) |
| 15:20 | Queue | Villager (Male) |
| 15:24 | Queue | Villager (Male) |
| 15:39 | Queue | Villager (Male) |
| 15:42 | Build | Farm |
| 16:00 | Queue | Villager (Male) |
| 16:01 | Build | House |
| 16:02 | Build | House |
| 16:17 | Build | Farm |
| 16:18 | Build | Farm |
| 16:18 | Build | Farm |
| 16:19 | Queue | Villager (Male) |
| 16:19 | Queue | Villager (Male) |
| 16:19 | Queue | Villager (Male) |
| 16:24 | Build | Farm |
| 16:24 | Build | Farm |
| 16:25 | Build | Farm |
| 16:36 | Queue | Archer |
| 16:36 | Queue | Archer |
| 16:37 | Queue | Archer |
| 16:39 | Queue | Archer |
| 16:40 | Queue | Archer |
| 16:41 | Queue | Villager (Male) |
| 16:45 | Queue | Villager (Male) |
| 16:49 | Build | House |
| 16:50 | Build | House |
| 16:51 | Build | Palisade Wall |
| 16:58 | Queue | Archer |
| 16:58 | Queue | Archer |
| 17:04 | Build | Palisade Wall |
| 17:08 | Queue | Villager (Male) |
| 17:18 | Build | House |
| 17:31 | Research | Padded Archer Armor |
| 17:31 | Research | Padded Archer Armor |
| 17:32 | Queue | Archer |
| 17:32 | Queue | Archer |
| 17:33 | Queue | Archer |
| 17:57 | Queue | Archer |
| 17:58 | Queue | Archer |
| 18:05 | Build | House |
| 18:17 | Queue | Archer |
| 18:18 | Queue | Archer |
| 18:31 | Build | Palisade Gate |
| 18:32 | Build | Palisade Wall |
| 18:42 | Queue | Archer |
| 18:43 | Queue | Archer |
| 18:49 | Build | House |
| 19:18 | Queue | Archer |
| 19:19 | Queue | Archer |
| 19:19 | Queue | Archer |
Match timeline
| 4:06 | ~BroKen~ · wall_segment Palisade Wall x10 |
| 4:48 | Lea · wall_segment Palisade Wall x1 |
| 5:00 | Lea · wall_segment Palisade Wall x1 |
| 5:06 | Lea · wall_segment Palisade Wall x1 |
| 5:10 | Lea · wall_segment Palisade Wall x1 |
| 5:26 | Lea · wall_segment Palisade Wall x1 |
| 5:44 | [TBArg] kaos_leo · wall_segment Palisade Wall x1 |
| 5:46 | [TBArg] kaos_leo · wall_segment Palisade Wall x1 |
| 5:48 | [TBArg] kaos_leo · wall_segment Palisade Wall x1 |
| 5:50 | [TBArg] kaos_leo · wall_segment Palisade Wall x1 |
| 5:52 | [TBArg] kaos_leo · wall_segment Palisade Wall x1 |
| 6:18 | ~BroKen~ · wall_segment Palisade Wall x24 |
| 6:33 | Datel · first_building Barracks |
| 6:57 | Datel · wall_segment Palisade Wall x4 |
| 8:02 | 买女孩的小火柴 · first_building Barracks |
| 8:17 | [TBArg] kaos_leo · first_building Barracks |
| 8:28 | La Serpiente Emplumada · first_building Barracks |
| 8:29 | YOGRANNYCANTSCRAP · wall_segment Palisade Wall x13 |
| 8:31 | ~BroKen~ · first_building Barracks |
| 8:34 | YOGRANNYCANTSCRAP · wall_segment Palisade Wall x1 |
| 8:37 | Lea · first_building Barracks |
| 8:58 | TheGooseTransporter · first_building Barracks |
| 9:01 | 买女孩的小火柴 · age_up feudal |
| 9:02 | 买女孩的小火柴 · first_building Stable |
| 9:03 | ~BroKen~ · age_up feudal |
| 9:16 | YOGRANNYCANTSCRAP · wall_segment Palisade Wall x15 |
| 9:23 | La Serpiente Emplumada · age_up feudal |
| 9:24 | Datel · age_up feudal |
| 9:27 | La Serpiente Emplumada · first_building Stable |
| 9:31 | ~BroKen~ · first_building Stable |
| 9:40 | [TBArg] kaos_leo · wall_segment Palisade Wall x2 |
| 9:47 | 买女孩的小火柴 · wall_segment Palisade Wall x7 |
| 9:51 | [TBArg] kaos_leo · wall_segment Palisade Wall x1 |
| 9:52 | [TBArg] kaos_leo · wall_segment Palisade Wall x1 |
| 9:53 | [TBArg] kaos_leo · age_up feudal |
| 9:55 | Lea · age_up feudal |
| 9:56 | Lea · first_building Archery Range |
| 10:01 | 买女孩的小火柴 · wall_segment Palisade Wall x1 |
| 10:02 | 买女孩的小火柴 · wall_segment Palisade Wall x1 |
| 10:02 | [TBArg] kaos_leo · first_building Archery Range |
| 10:17 | Lea · wall_segment Palisade Wall x4 |
| 10:25 | Datel · wall_segment Palisade Wall x7 |
| 10:26 | YOGRANNYCANTSCRAP · age_up feudal |
| 10:27 | YOGRANNYCANTSCRAP · first_building Stable |
| 10:29 | [TBArg] kaos_leo · wall_segment Palisade Wall x4 |
| 10:33 | [TBArg] kaos_leo · wall_segment Palisade Wall x3 |
| 10:34 | YOGRANNYCANTSCRAP · wall_segment Palisade Wall x8 |
| 10:34 | TheGooseTransporter · age_up feudal |
| 10:35 | [TBArg] kaos_leo · wall_segment Palisade Wall x1 |
| 10:41 | La Serpiente Emplumada · wall_segment Palisade Wall x5 |
| 10:42 | ~BroKen~ · wall_segment Palisade Wall x11 |
| 10:44 | TheGooseTransporter · first_building Archery Range |
| 10:56 | 买女孩的小火柴 · wall_segment Palisade Wall x9 |
| 11:03 | Datel · first_building Archery Range |
| 11:07 | YOGRANNYCANTSCRAP · wall_segment Palisade Wall x9 |
| 11:10 | [TBArg] kaos_leo · wall_segment Palisade Wall x1 |
| 11:35 | 买女孩的小火柴 · wall_segment Palisade Wall x1 |
| 11:38 | 买女孩的小火柴 · wall_segment Palisade Wall x15 |
| 11:41 | Lea · wall_segment Palisade Wall x7 |
| 11:56 | La Serpiente Emplumada · wall_segment Palisade Wall x13 |
| 12:01 | TheGooseTransporter · wall_segment Palisade Wall x2 |
| 12:04 | YOGRANNYCANTSCRAP · wall_segment Palisade Wall x12 |
| 12:06 | YOGRANNYCANTSCRAP · wall_segment Palisade Wall x9 |
| 12:36 | TheGooseTransporter · wall_segment Palisade Wall x1 |
| 12:37 | TheGooseTransporter · wall_segment Palisade Wall x1 |
| 12:42 | TheGooseTransporter · wall_segment Palisade Wall x1 |
| 13:16 | TheGooseTransporter · wall_segment Palisade Wall x1 |
| 13:17 | TheGooseTransporter · wall_segment Palisade Wall x1 |
| 14:02 | Datel · wall_segment Palisade Wall x14 |
| 14:03 | 买女孩的小火柴 · wall_segment Palisade Wall x1 |
| 14:22 | La Serpiente Emplumada · wall_segment Palisade Wall x7 |
| 14:30 | 买女孩的小火柴 · wall_segment Palisade Wall x6 |
| 14:34 | TheGooseTransporter · wall_segment Palisade Wall x1 |
| 14:38 | TheGooseTransporter · wall_segment Palisade Wall x1 |
| 14:46 | TheGooseTransporter · wall_segment Palisade Wall x1 |
| 14:47 | Datel · wall_segment Palisade Wall x5 |
| 14:47 | [TBArg] kaos_leo · wall_segment Palisade Wall x1 |
| 14:48 | TheGooseTransporter · wall_segment Palisade Wall x1 |
| 14:49 | TheGooseTransporter · wall_segment Palisade Wall x1 |
| 14:49 | [TBArg] kaos_leo · wall_segment Palisade Wall x1 |
| 14:51 | TheGooseTransporter · wall_segment Palisade Wall x1 |
| 14:52 | Datel · wall_segment Palisade Wall x1 |
| 14:54 | TheGooseTransporter · wall_segment Palisade Wall x1 |
| 15:12 | Datel · wall_segment Palisade Wall x2 |
| 15:33 | La Serpiente Emplumada · wall_segment Palisade Wall x10 |
| 15:41 | Datel · wall_segment Palisade Wall x1 |
| 15:58 | Lea · wall_segment Palisade Wall x1 |
| 16:03 | Lea · wall_segment Palisade Wall x1 |
| 16:16 | Lea · wall_segment Palisade Wall x1 |
| 16:17 | Lea · wall_segment Palisade Wall x1 |
| 16:19 | Lea · wall_segment Palisade Wall x1 |
| 16:43 | Lea · wall_segment Palisade Wall x2 |
| 16:51 | [TBArg] kaos_leo · wall_segment Palisade Wall x1 |
| 17:04 | [TBArg] kaos_leo · wall_segment Palisade Wall x7 |
| 18:01 | Datel · first_market_sell 100 wood |
| 18:09 | Datel · first_market_buy 100 food |
| 18:32 | [TBArg] kaos_leo · wall_segment Palisade Wall x1 |
| 18:56 | La Serpiente Emplumada · wall_segment Palisade Wall x1 |
| 19:54 | YOGRANNYCANTSCRAP · resign |
| 20:30 | [TBArg] kaos_leo · wall_segment Palisade Wall x3 |
| 20:33 | [TBArg] kaos_leo · wall_segment Palisade Wall x3 |
| 21:22 | Datel · age_up castle |
| 21:58 | La Serpiente Emplumada · age_up castle |
| 22:12 | [TBArg] kaos_leo · wall_segment Palisade Wall x1 |
| 22:25 | ~BroKen~ · first_market_buy 100 food |
| 22:28 | ~BroKen~ · first_market_sell 100 wood |
[ AI ANALYSIS · 1 CREDIT ]
What really happened in this match?
Wolo.gg analyzes every decision: build order, eco, micro, common mistakes by bracket. Personalized analysis on WhatsApp or Discord in 30 seconds.
Civ guide
Ethiopians
Perfil
Jugador #1244374